Ducks vs Canucks

Created - 24 octobre 2023 at 11:45

Goals
1 2 3 T
Ducks 0 1 1 2
Canucks 1 1 2 4
Shots
1 2 3 T
Ducks 11 13 8 32
Canucks 11 9 9 29

GoalsPenalties
1st period
1. Canucks , Eeli Tolvanen 7 (Brian Dumoulin 5) at 2:45
Oskar Sundqvist (ANA) for Holding (Minor) at 11:42
2nd period
2. Ducks , Morgan Rielly 1 (Ryan McDonagh 6) at 6:24
3. Canucks , John Tavares 15 (Jonathan Drouin 1, Josh Anderson 13) at 14:01
Mikey Anderson (VAN) for Fighting (Major) at 0:50
Josh Manson (ANA) for Fighting (Major) at 0:50
Trent Frederic (ANA) for Tripping (Minor) at 2:46
Trent Frederic (ANA) for Tripping (Minor) at 14:57
3rd period
4. Ducks , Oliver Wahlstrom 1 (Michael McLeod 2, Nick Ritchie 1) at 5:07
5. Canucks , John Tavares 16 (Josh Anderson 14) at 11:12 (PP)
6. Canucks , Pierre-Edouard Bellemare 4 (William Carrier 4, Jonathan Toews 10) at 12:10
Ryan Johansen (VAN) for Hooking (Minor) at 1:22
Trent Frederic (ANA) for Hooking (Minor) at 10:40
Jonathan Toews (VAN) for High sticking (Minor) at 12:39
Oliver Wahlstrom (ANA) for Holding (Minor) at 16:07
Goalie Stats
Carter Hart (ANA), 25 saves from 29 shots - (0,862), L, 8-10-3, 60:00 minutes
Anton Forsberg (VAN), 30 saves from 32 shots - (0,938), W, 13-6-1, 60:00 minutes
3 StarsOfficial
1 - John Tavares (VAN)
2 - Josh Anderson (VAN)
3 - Eeli Tolvanen (VAN)
Referees : Steve Kozari and Chris Schlenker
Linesman : Jesse Marquis and Derek Amell
Game Note
Mikey Anderson beats up Josh Manson at 0:50 of 2nd period
Finance
Level 1 -- Attendance: 4184 (65%) -- Ticket Income $418,400
Level 2 -- Attendance: 3982 (71%) -- Ticket Income $238,920
Level 3 -- Attendance: 3417 (62%) -- Ticket Income $102,510
Level 4 -- Attendance: 3120 (64%) -- Ticket Income $62,400
Luxury Box -- Attendance: 1074 (93%) -- Ticket Income $214,800
Game was played at the General Motors Place.
Total Attendance: 15777 (67%)
Total Ticket Income: $1,037,030
Other Income: $311,109
Total Income: $1,348,139



Team Name Goals Shots Shots Attemp Shots Blocked PIM HIT PP PK FO%
Ducks 232641615190 / 2 (0%)154%
Canucks 42969139201 / 5 (20%)046%

Ducks
Player Name POS G A P +/- PIM HIT SHT SB MP PP MP PP SHT PK MP PK SHT FO% FOT GA TA
Adam LarssonD0000002224:071:4004:4500% 000
Dylan LarkinC0000021117:561:5300:00063% 1611
Johnny GaudreauLW0000003218:312:0500:250100% 100
Josh MansonD000-1532015:280:0003:3900% 001
Lawson CrouseLW/RW000-2024014:190:0004:2600% 010
Mark StoneRW000-1001016:081:5300:0000% 000
Michael McLeodC0112011010:000:0003:06040% 501
Morgan GeekieC/RW000-2021015:291:5304:26178% 900
Morgan RiellyD1010012119:472:1800:0000% 000
Nick RitchieLW011200007:230:0000:0000% 000
Oliver WahlstromRW101221207:040:0000:0000% 000
Oskar SundqvistC/RW000-2201113:170:0002:42050% 210
Riley StillmanD000-1010217:270:0003:4300% 011
Ryan McDonaghD0110013224:082:1803:4300% 011
Steven StamkosC/LW000-1032016:302:0500:00046% 2400
Thomas ChabotD0000000319:021:4001:0600% 000
Timo MeierLW/RW0000005218:072:0500:00033% 300
Trent FredericLW/RW000-1622016:430:0001:5100% 100
Canucks
Player Name POS G A P +/- PIM HIT SHT SB MP PP MP PP SHT PK MP PK SHT FO% FOT GA TA
Austin WatsonLW/RW0000011213:040:2000:0000% 010
Brian DumoulinD0110010127:265:2302:1700% 000
Eeli TolvanenLW/RW1010014318:093:2200:0000% 200
Jeff PetryD0001011023:325:2312:1700% 002
Jesse PuljujarviRW0000040018:203:2200:0000% 100
John TavaresC/LW2021005124:584:0012:06046% 2600
Jonathan DrouinC/LW011101005:250:0001:09050% 200
Jonathan ToewsC0110223018:333:2200:29053% 1510
Josh AndersonLW/RW0221023124:584:3602:16050% 200
Justin SchultzD0000021017:593:0501:4100% 010
Marcus BjorkD000-101004:170:0000:0000% 001
Mikey AndersonD0000501115:272:2801:4100% 000
Nils AmanC000000003:001:1600:0000% 000
Oliver Ekman-LarssonD0001000216:470:3700:0000% 010
Pierre-Edouard BellemareC/LW1010012014:350:0001:27050% 1011
Ryan JohansenC/RW0000216121:404:4510:29033% 300
Vincent DesharnaisD0001021114:340:0000:0000% 000
William CarrierLW0110001013:150:2100:0000% 001

Ducks

5 vs 5 Forward
Line #Left WingCenterRight WingPHYDFOFWanted %Time %Time Play
1Johnny GaudreauDylan LarkinTimo Meier0144135%16:42
2Mark StoneSteven StamkosTrent Frederic0143930%14:26
3Morgan GeekieOskar SundqvistLawson Crouse0411520%9:26
4Oliver WahlstromMichael McLeodNick Ritchie050515%7:00
5 vs 5 Defense
Line #DefenseDefensePHYDFOFWanted %Time %Time Play
1Thomas ChabotAdam Larsson0414037%17:24
2Morgan RiellyRyan McDonagh0414037%17:24
3Josh MansonRiley Stillman0502027%12:46
4Ryan McDonaghRiley Stillman12200%0:00
Power Play Forward
Line #Left WingCenterRight WingPHYDFOFWanted %Time %Time Play
1Johnny GaudreauSteven StamkosTimo Meier1045253%2:05
2Mark StoneDylan LarkinMorgan Geekie1044847%1:53
Power Play Defense
Line #DefenseDefensePHYDFOFWanted %Time %Time Play
1Morgan RiellyRyan McDonagh0145358%2:18
2Adam LarssonThomas Chabot0144742%1:40
Penalty Kill 4 Players Forward
Line #CenterWingPHYDFOFWanted %Time %Time Play
1Morgan GeekieLawson Crouse0505256%4:42
2Oskar SundqvistTrent Frederic0504844%3:46
Penalty Kill 4 Players Defense
Line #DefenseDefensePHYDFOFWanted %Time %Time Play
1Adam LarssonJosh Manson0505256%4:45
2Ryan McDonaghRiley Stillman0504844%3:43
Penalty Kill 3 Players
Line #WingPHYDFOFWanted %Time %Time PlayDefenseDefensePHYDFOFWanted %Time %Time Play
1Oskar Sundqvist140600%0:00 Adam LarssonRiley Stillman140600%0:00
2Morgan Geekie140400%0:00 Josh MansonRyan McDonagh140400%0:00
4 vs 4 Forward
Line #CenterWingPHYDFOFWanted %Time %Time Play
1Dylan LarkinJohnny Gaudreau023500%0:00
2Steven StamkosTimo Meier113500%0:00
4 vs 4 Defense
Line #DefensePHYDFOFWanted %Time %Time Play
1Ryan McDonaghThomas Chabot050550%0:00
2Adam LarssonMorgan Rielly050450%0:00
Last Minutes Offensive
Left WingCenterRight WingDefenseDefense
Steven StamkosDylan LarkinJohnny GaudreauMorgan RiellyThomas Chabot
Last Minutes Defensive
Left WingCenterRight WingDefenseDefense
Oskar SundqvistMorgan GeekieMark StoneAdam LarssonRyan McDonagh
Time
Total ForwardTotal DefenseLast Minutes OffensiveLast Minutes Defensive
60:00 60:00 0:000:00
Extra Forwards
Normal PowerPlayPenalty Kill
Trent Frederic, Oskar Sundqvist, Timo MeierMichael McLeod, Trent FredericMichael McLeod
Extra Defensemen
Normal PowerPlayPenalty Kill
Josh Manson, Riley Stillman, Ryan McDonaghRiley Stillman, Thomas ChabotMorgan Rielly
Penalty Shots
Steven Stamkos, Mark Stone, Johnny Gaudreau, Dylan Larkin, Timo Meier
Goalie
Carter Hart, Cal Petersen
Scratches
None

Canucks

5 vs 5 Forward
Line #Left WingCenterRight WingPHYDFOFWanted %Time %Time Play
1Josh AndersonJohn TavaresRyan Johansen1224035%16:25
2Eeli TolvanenJonathan ToewsJesse Puljujarvi1223031%14:54
3William CarrierPierre-Edouard BellemareAustin Watson1222026%12:31
4John TavaresJonathan DrouinJosh Anderson122108%3:44
5 vs 5 Defense
Line #DefenseDefensePHYDFOFWanted %Time %Time Play
1Brian DumoulinJeff Petry1224033%15:52
2Mikey AndersonJustin Schultz1223028%13:10
3Oliver Ekman-LarssonVincent Desharnais1222030%14:15
4Marcus BjorkBrian Dumoulin122109%4:17
Power Play Forward
Line #Left WingCenterRight WingPHYDFOFWanted %Time %Time Play
1Josh AndersonJohn TavaresRyan Johansen1226056%4:46
2Eeli TolvanenJonathan ToewsJesse Puljujarvi1224044%3:42
Power Play Defense
Line #DefenseDefensePHYDFOFWanted %Time %Time Play
1Brian DumoulinJeff Petry1226064%5:23
2Mikey AndersonJustin Schultz1224036%3:05
Penalty Kill 4 Players Forward
Line #CenterWingPHYDFOFWanted %Time %Time Play
1John TavaresJosh Anderson1226076%3:00
2Ryan JohansenJonathan Toews1224024%0:58
Penalty Kill 4 Players Defense
Line #DefenseDefensePHYDFOFWanted %Time %Time Play
1Brian DumoulinJeff Petry1226058%2:17
2Mikey AndersonJustin Schultz1224042%1:41
Penalty Kill 3 Players
Line #WingPHYDFOFWanted %Time %Time PlayDefenseDefensePHYDFOFWanted %Time %Time Play
1John Tavares122600%0:00 Brian DumoulinJeff Petry122600%0:00
2Josh Anderson122400%0:00 Mikey AndersonJustin Schultz122400%0:00
4 vs 4 Forward
Line #CenterWingPHYDFOFWanted %Time %Time Play
1John TavaresJosh Anderson122600%0:00
2Ryan JohansenJonathan Toews122400%0:00
4 vs 4 Defense
Line #DefensePHYDFOFWanted %Time %Time Play
1Brian DumoulinJeff Petry122600%0:00
2Mikey AndersonJustin Schultz122400%0:00
Last Minutes Offensive
Left WingCenterRight WingDefenseDefense
Josh AndersonJohn TavaresRyan JohansenBrian DumoulinJeff Petry
Last Minutes Defensive
Left WingCenterRight WingDefenseDefense
Josh AndersonJohn TavaresRyan JohansenBrian DumoulinJeff Petry
Time
Total ForwardTotal DefenseLast Minutes OffensiveLast Minutes Defensive
60:00 60:00 0:000:00
Extra Forwards
Normal PowerPlayPenalty Kill
Nils Aman, William Carrier, Pierre-Edouard BellemareNils Aman, William CarrierPierre-Edouard Bellemare
Extra Defensemen
Normal PowerPlayPenalty Kill
Oliver Ekman-Larsson, Vincent Desharnais, Marcus BjorkOliver Ekman-Larsson, Vincent DesharnaisMarcus Bjork
Penalty Shots
John Tavares, Josh Anderson, Ryan Johansen, Jonathan Toews, Eeli Tolvanen
Goalie
Anton Forsberg, Mackenzie Blackwood
Scratches
None


Play-by-Play

1st period


0:01 of 1st period - John Tavares wins face-off versus Timo Meier in neutral zone.
0:04 of 1st period - Adam Larsson is hit by Josh Anderson.
0:28 of 1st period - Wrist shot by Lawson Crouse.
0:28 of 1st period - Shot Misses the Net.
0:30 of 1st period - Slapshot by Morgan Rielly.
0:30 of 1st period - Shot Misses the Net.
0:34 of 1st period - Wrist shot by Oskar Sundqvist.
0:34 of 1st period - Stopped by Anton Forsberg with a rebound.
0:36 of 1st period - Slapshot by Morgan Geekie.
0:36 of 1st period - Shot Misses the Net.
0:40 of 1st period - Wrist shot by Lawson Crouse.
0:40 of 1st period - Deflect By Ryan Johansen.
0:40 of 1st period - Stopped by Anton Forsberg with a rebound.
1:23 of 1st period - Snap shot by Pierre-Edouard Bellemare.
1:23 of 1st period - Deflect By William Carrier.
1:23 of 1st period - Shot Misses the Net.
1:23 of 1st period - Puck is out of play.
1:24 of 1st period - Dylan Larkin wins face-off versus Jonathan Toews in Ducks zone.
1:33 of 1st period - Snap shot by Timo Meier.
1:33 of 1st period - Deflect By Eeli Tolvanen.
1:33 of 1st period - Shot Blocked by Mikey Anderson.
1:33 of 1st period - Puck is out of play.
1:34 of 1st period - Dylan Larkin wins face-off versus Eeli Tolvanen in Canucks zone.
1:39 of 1st period - Wrist shot by Timo Meier.
1:39 of 1st period - Stopped by Anton Forsberg without a rebound.
1:40 of 1st period - John Tavares wins face-off versus Steven Stamkos in Canucks zone.
1:40 of 1st period - John Tavares is hit by Steven Stamkos.
1:48 of 1st period - Snap shot by Josh Anderson.
1:48 of 1st period - Stopped by Carter Hart without a rebound.
1:49 of 1st period - Steven Stamkos wins face-off versus Jonathan Drouin in Ducks zone.
1:56 of 1st period - Slapshot by Trent Frederic.
1:56 of 1st period - Deflect By Steven Stamkos.
1:56 of 1st period - Shot Misses the Net.
1:56 of 1st period - Puck is out of play.
1:57 of 1st period - Pierre-Edouard Bellemare wins face-off versus Dylan Larkin in Canucks zone.
2:35 of 1st period - Wrist shot by Steven Stamkos.
2:35 of 1st period - Shot Blocked by John Tavares.
2:45 of 1st period - Wrist shot by Eeli Tolvanen.
2:45 of 1st period - Goal by Eeli Tolvanen - Ducks : 0 - Canucks : 1.
2:46 of 1st period - Jonathan Toews wins face-off versus Timo Meier in neutral zone.
3:01 of 1st period - Slapshot by Eeli Tolvanen.
3:01 of 1st period - Shot Hit the Post.
3:03 of 1st period - Slapshot by Eeli Tolvanen.
3:03 of 1st period - Shot Misses the Net.
3:13 of 1st period - Vincent Desharnais is hit by Steven Stamkos and loses puck.
3:44 of 1st period - Wrist shot by Oskar Sundqvist.
3:44 of 1st period - Shot Misses the Net.
3:46 of 1st period - Snap shot by Lawson Crouse.
3:46 of 1st period - Deflect By Mikey Anderson.
3:46 of 1st period - Shot Blocked by Austin Watson.
3:46 of 1st period - Puck is out of play.
3:47 of 1st period - Jonathan Drouin wins face-off versus Dylan Larkin in Canucks zone.
4:02 of 1st period - Wrist shot by Johnny Gaudreau.
4:02 of 1st period - Deflect By Dylan Larkin.
4:02 of 1st period - Shot Misses the Net.
4:02 of 1st period - Puck is out of play.
4:03 of 1st period - Jonathan Toews wins face-off versus Steven Stamkos in Canucks zone.
4:03 of 1st period - Jonathan Toews is hit by Steven Stamkos.
4:15 of 1st period - Slapshot by Jonathan Toews.
4:15 of 1st period - Stopped by Carter Hart with a rebound.
4:23 of 1st period - Jonathan Toews is hit by Trent Frederic and loses puck.
4:40 of 1st period - Slapshot by John Tavares.
4:40 of 1st period - Shot Blocked by Timo Meier.
4:42 of 1st period - Wrist shot by John Tavares.
4:42 of 1st period - Shot Blocked by Adam Larsson.
5:11 of 1st period - Slapshot by Johnny Gaudreau.
5:11 of 1st period - Shot Blocked by Oliver Ekman-Larsson.
5:35 of 1st period - Wrist shot by Ryan Johansen.
5:35 of 1st period - Stopped by Carter Hart with a rebound.
6:29 of 1st period - Wrist shot by Dylan Larkin.
6:29 of 1st period - Stopped by Anton Forsberg with a rebound.
6:39 of 1st period - Wrist shot by John Tavares.
6:39 of 1st period - Stopped by Carter Hart with a rebound.
7:43 of 1st period - Backhand shot by Ryan Johansen.
7:43 of 1st period - Shot Blocked by Johnny Gaudreau.
7:45 of 1st period - Snap shot by Josh Anderson.
7:45 of 1st period - Shot Misses the Net.
8:27 of 1st period - Wrist shot by John Tavares.
8:27 of 1st period - Shot Misses the Net.
8:29 of 1st period - Slapshot by Oliver Ekman-Larsson.
8:29 of 1st period - Shot Blocked by Thomas Chabot.
8:31 of 1st period - Snap shot by Vincent Desharnais.
8:31 of 1st period - Shot Blocked by Thomas Chabot.
8:35 of 1st period - Snap shot by Josh Anderson.
8:35 of 1st period - Stopped by Carter Hart without a rebound.
8:36 of 1st period - Jonathan Toews wins face-off versus Trent Frederic in Ducks zone.
9:47 of 1st period - Slapshot by Josh Manson.
9:47 of 1st period - Stopped by Anton Forsberg without a rebound.
9:48 of 1st period - Jonathan Toews wins face-off versus Michael McLeod in Canucks zone.
10:50 of 1st period - Slapshot by Josh Manson.
10:50 of 1st period - Deflect By Michael McLeod.
10:50 of 1st period - Shot Blocked by Eeli Tolvanen.
10:50 of 1st period - Puck is out of play.
10:51 of 1st period - Michael McLeod wins face-off versus Jesse Puljujarvi in Canucks zone.
10:52 of 1st period - Slapshot by Morgan Rielly.
10:52 of 1st period - Stopped by Anton Forsberg without a rebound.
10:53 of 1st period - Jonathan Toews wins face-off versus Michael McLeod in Canucks zone.
10:53 of 1st period - Jonathan Toews is hit by Oliver Wahlstrom.
11:07 of 1st period - Snap shot by Eeli Tolvanen.
11:07 of 1st period - Stopped by Carter Hart without a rebound.
11:08 of 1st period - Pierre-Edouard Bellemare wins face-off versus Steven Stamkos in Ducks zone.
11:35 of 1st period - Jeff Petry is hit by Ryan McDonagh.
11:42 of 1st period - Minor Penalty to Oskar Sundqvist for Holding.
11:43 of 1st period - Morgan Geekie wins face-off versus Jonathan Toews in Ducks zone.
11:43 of 1st period - Morgan Geekie is hit by Jesse Puljujarvi.
13:42 of 1st period - Penalty to Oskar Sundqvist is over, Oskar Sundqvist is back on ice.
14:32 of 1st period - Snap shot by Jesse Puljujarvi.
14:32 of 1st period - Shot Misses the Net.
15:25 of 1st period - Slapshot by Trent Frederic.
15:25 of 1st period - Stopped by Anton Forsberg without a rebound.
15:26 of 1st period - Jonathan Toews wins face-off versus Steven Stamkos in Canucks zone.
15:26 of 1st period - Jonathan Toews is hit by Trent Frederic.
15:57 of 1st period - Michael McLeod is hit by Austin Watson and loses puck.
16:47 of 1st period - Ryan McDonagh is hit by Jeff Petry and loses puck.
16:56 of 1st period - Wrist shot by John Tavares.
16:56 of 1st period - Shot Misses the Net.
16:58 of 1st period - Wrist shot by John Tavares.
16:58 of 1st period - Stopped by Carter Hart with a rebound.
17:08 of 1st period - Snap shot by Morgan Rielly.
17:08 of 1st period - Shot Misses the Net.
17:16 of 1st period - Snap shot by Lawson Crouse.
17:16 of 1st period - Deflect By Oskar Sundqvist.
17:16 of 1st period - Shot Misses the Net.
17:16 of 1st period - Puck is out of play.
17:17 of 1st period - Steven Stamkos wins face-off versus Pierre-Edouard Bellemare in Canucks zone.
17:30 of 1st period - Slapshot by Mark Stone.
17:30 of 1st period - Shot Blocked by Austin Watson.
17:32 of 1st period - Snap shot by Josh Manson.
17:32 of 1st period - Deflect By Justin Schultz.
17:32 of 1st period - Stopped by Anton Forsberg without a rebound.
17:33 of 1st period - John Tavares wins face-off versus Steven Stamkos in Canucks zone.
17:38 of 1st period - Wrist shot by Josh Anderson.
17:38 of 1st period - Stopped by Carter Hart with a rebound.
18:00 of 1st period - Brian Dumoulin is hit by Lawson Crouse and loses puck.
18:07 of 1st period - Wrist shot by Lawson Crouse.
18:07 of 1st period - Deflect By Morgan Geekie.
18:07 of 1st period - Shot Misses the Net.
18:07 of 1st period - Puck is out of play.
18:08 of 1st period - Dylan Larkin wins face-off versus Jonathan Toews in Canucks zone.
18:21 of 1st period - Wrist shot by Justin Schultz.
18:21 of 1st period - Deflect By Jonathan Toews.
18:21 of 1st period - Stopped by Carter Hart with a rebound.
18:23 of 1st period - Slapshot by Eeli Tolvanen.
18:23 of 1st period - Stopped by Carter Hart without a rebound.
18:24 of 1st period - Ryan Johansen wins face-off versus Steven Stamkos in Ducks zone.
18:33 of 1st period - Josh Anderson is hit by Josh Manson and loses puck.
18:50 of 1st period - Josh Manson is hit by Eeli Tolvanen and loses puck.
18:57 of 1st period - Wrist shot by Johnny Gaudreau.
18:57 of 1st period - Stopped by Anton Forsberg with a rebound.
18:59 of 1st period - Snap shot by Timo Meier.
18:59 of 1st period - Stopped by Anton Forsberg with a rebound.
19:01 of 1st period - Snap shot by Adam Larsson.
19:01 of 1st period - Stopped by Anton Forsberg with a rebound.
19:41 of 1st period - Icing by Steven Stamkos.
19:42 of 1st period - Steven Stamkos wins face-off versus Jonathan Toews in Ducks zone.
Goals for this period are 0 for Ducks vs 1 for Canucks.
Shots for this period are 11 for Ducks vs 11 for Canucks.

2nd period


0:01 of 2nd period - Steven Stamkos wins face-off versus Ryan Johansen in neutral zone.
0:07 of 2nd period - Icing by Brian Dumoulin.
0:08 of 2nd period - Steven Stamkos wins face-off versus John Tavares in Canucks zone.
0:37 of 2nd period - Wrist shot by Ryan Johansen.
0:37 of 2nd period - Stopped by Carter Hart without a rebound.
0:38 of 2nd period - Jonathan Toews wins face-off versus Dylan Larkin in Ducks zone.
0:43 of 2nd period - Wrist shot by Eeli Tolvanen.
0:43 of 2nd period - Shot Misses the Net.
0:50 of 2nd period - Mikey Anderson beats up Josh Manson.
0:50 of 2nd period - Penalty to Mikey Anderson for Fighting.
0:50 of 2nd period - Penalty to Josh Manson for Fighting.
0:51 of 2nd period - John Tavares wins face-off versus Steven Stamkos in Ducks zone.
1:04 of 2nd period - Slapshot by Steven Stamkos.
1:04 of 2nd period - Shot Misses the Net.
1:06 of 2nd period - Slapshot by Trent Frederic.
1:06 of 2nd period - Shot Blocked by Josh Anderson.
1:08 of 2nd period - Wrist shot by Steven Stamkos.
1:08 of 2nd period - Stopped by Anton Forsberg with a rebound.
1:18 of 2nd period - Morgan Rielly is hit by Jesse Puljujarvi and loses puck.
2:46 of 2nd period - Minor Penalty to Trent Frederic for Tripping.
2:47 of 2nd period - John Tavares wins face-off versus Morgan Geekie in Ducks zone.
3:30 of 2nd period - Slapshot by Josh Anderson.
3:30 of 2nd period - Deflect By Ryan Johansen.
3:30 of 2nd period - Shot Blocked by Ryan McDonagh.
3:30 of 2nd period - Puck is out of play.
3:31 of 2nd period - Morgan Geekie wins face-off versus Jonathan Toews in Ducks zone.
3:31 of 2nd period - Morgan Geekie is hit by Jesse Puljujarvi.
4:46 of 2nd period - Penalty to Trent Frederic is over, Trent Frederic is back on ice.
4:55 of 2nd period - Slapshot by Thomas Chabot.
4:55 of 2nd period - Shot Misses the Net.
4:57 of 2nd period - Snap shot by Dylan Larkin.
4:57 of 2nd period - Deflect By Johnny Gaudreau.
4:57 of 2nd period - Stopped by Anton Forsberg without a rebound.
4:58 of 2nd period - Dylan Larkin wins face-off versus Pierre-Edouard Bellemare in Canucks zone.
5:01 of 2nd period - Wrist shot by Timo Meier.
5:01 of 2nd period - Stopped by Anton Forsberg with a rebound.
5:37 of 2nd period - Steven Stamkos is hit by Justin Schultz and loses puck.
6:08 of 2nd period - Wrist shot by Adam Larsson.
6:08 of 2nd period - Stopped by Anton Forsberg without a rebound.
6:09 of 2nd period - Pierre-Edouard Bellemare wins face-off versus Michael McLeod in Canucks zone.
6:24 of 2nd period - Slapshot by Morgan Rielly.
6:24 of 2nd period - Goal by Morgan Rielly - Ducks : 1 - Canucks : 1.
6:25 of 2nd period - Steven Stamkos wins face-off versus John Tavares in neutral zone.
6:56 of 2nd period - Snap shot by Eeli Tolvanen.
6:56 of 2nd period - Shot Blocked by Ryan McDonagh.
6:58 of 2nd period - Wrist shot by Jonathan Toews.
6:58 of 2nd period - Shot Misses the Net.
7:00 of 2nd period - Snap shot by Eeli Tolvanen.
7:00 of 2nd period - Shot Misses the Net.
7:02 of 2nd period - Wrist shot by Jesse Puljujarvi.
7:02 of 2nd period - Shot Misses the Net.
7:14 of 2nd period - Wrist shot by Lawson Crouse.
7:14 of 2nd period - Stopped by Anton Forsberg without a rebound.
7:15 of 2nd period - Oskar Sundqvist wins face-off versus Pierre-Edouard Bellemare in Canucks zone.
7:52 of 2nd period - Morgan Geekie is hit by Justin Schultz and loses puck.
9:16 of 2nd period - Snap shot by Lawson Crouse.
9:16 of 2nd period - Stopped by Anton Forsberg without a rebound.
9:17 of 2nd period - Steven Stamkos wins face-off versus John Tavares in Canucks zone.
9:43 of 2nd period - Thomas Chabot is hit by Jesse Puljujarvi and loses puck.
10:04 of 2nd period - Wrist shot by Thomas Chabot.
10:04 of 2nd period - Shot Blocked by Vincent Desharnais.
12:12 of 2nd period - Dylan Larkin is hit by Jonathan Toews.
12:58 of 2nd period - Josh Manson is hit by Marcus Bjork and loses puck.
13:07 of 2nd period - Marcus Bjork is hit by Josh Manson and loses puck.
13:31 of 2nd period - Snap shot by William Carrier.
13:31 of 2nd period - Stopped by Carter Hart without a rebound.
13:32 of 2nd period - Jonathan Toews wins face-off versus Dylan Larkin in Ducks zone.
13:33 of 2nd period - Slapshot by Eeli Tolvanen.
13:33 of 2nd period - Shot Misses the Net.
13:35 of 2nd period - Slapshot by Vincent Desharnais.
13:35 of 2nd period - Stopped by Carter Hart with a rebound.
13:41 of 2nd period - Wrist shot by Jonathan Toews.
13:41 of 2nd period - Shot Blocked by Johnny Gaudreau.
13:43 of 2nd period - Backhand shot by Eeli Tolvanen.
13:43 of 2nd period - Shot Misses the Net.
13:45 of 2nd period - Snap shot by Jonathan Toews.
13:45 of 2nd period - Stopped by Carter Hart with a rebound.
14:01 of 2nd period - Wrist shot by John Tavares.
14:01 of 2nd period - Goal by John Tavares - Ducks : 1 - Canucks : 2.
14:02 of 2nd period - John Tavares wins face-off versus Steven Stamkos in neutral zone.
14:24 of 2nd period - Icing by John Tavares.
14:25 of 2nd period - Dylan Larkin wins face-off versus John Tavares in Canucks zone.
14:26 of 2nd period - Wrist shot by Timo Meier.
14:26 of 2nd period - Stopped by Anton Forsberg with a rebound.
14:36 of 2nd period - Snap shot by Ryan Johansen.
14:36 of 2nd period - Stopped by Carter Hart without a rebound.
14:37 of 2nd period - Steven Stamkos wins face-off versus Eeli Tolvanen in Ducks zone.
14:37 of 2nd period - Steven Stamkos is hit by Brian Dumoulin.
14:57 of 2nd period - Minor Penalty to Trent Frederic for Tripping.
14:58 of 2nd period - Morgan Geekie wins face-off versus John Tavares in Ducks zone.
15:08 of 2nd period - Josh Anderson is hit by Josh Manson and loses puck.
15:25 of 2nd period - Brian Dumoulin is hit by Michael McLeod and loses puck.
15:36 of 2nd period - Slapshot by Jeff Petry.
15:36 of 2nd period - Stopped by Carter Hart without a rebound.
15:37 of 2nd period - Morgan Geekie wins face-off versus Josh Anderson in Ducks zone.
15:46 of 2nd period - Snap shot by Morgan Geekie.
15:46 of 2nd period - Stopped by Anton Forsberg without a rebound.
15:47 of 2nd period - Morgan Geekie wins face-off versus John Tavares in Canucks zone.
15:48 of 2nd period - Wrist shot by Lawson Crouse.
15:48 of 2nd period - Shot Misses the Net.
15:58 of 2nd period - Snap shot by Ryan Johansen.
15:58 of 2nd period - Stopped by Carter Hart without a rebound.
15:59 of 2nd period - John Tavares wins face-off versus Morgan Geekie in Ducks zone.
16:00 of 2nd period - Snap shot by Josh Anderson.
16:00 of 2nd period - Shot Misses the Net.
16:34 of 2nd period - Slapshot by Josh Manson.
16:34 of 2nd period - Shot Blocked by Eeli Tolvanen.
16:57 of 2nd period - Penalty to Trent Frederic is over, Trent Frederic is back on ice.
17:06 of 2nd period - Snap shot by Mark Stone.
17:06 of 2nd period - Stopped by Anton Forsberg with a rebound.
17:08 of 2nd period - Slapshot by Ryan McDonagh.
17:08 of 2nd period - Stopped by Anton Forsberg with a rebound.
17:10 of 2nd period - Snap shot by Steven Stamkos.
17:10 of 2nd period - Deflect By Pierre-Edouard Bellemare.
17:10 of 2nd period - Stopped by Anton Forsberg without a rebound.
17:11 of 2nd period - Dylan Larkin wins face-off versus Jonathan Toews in Canucks zone.
17:38 of 2nd period - Jonathan Toews is hit by Lawson Crouse and loses puck.
18:27 of 2nd period - Backhand shot by Morgan Rielly.
18:27 of 2nd period - Shot Misses the Net.
18:46 of 2nd period - Icing by Austin Watson.
18:47 of 2nd period - Dylan Larkin wins face-off versus Pierre-Edouard Bellemare in Canucks zone.
18:48 of 2nd period - Snap shot by Timo Meier.
18:48 of 2nd period - Stopped by Anton Forsberg with a rebound.
19:38 of 2nd period - Thomas Chabot is hit by Vincent Desharnais and loses puck.
19:49 of 2nd period - Snap shot by Eeli Tolvanen.
19:49 of 2nd period - Stopped by Carter Hart without a rebound.
19:50 of 2nd period - John Tavares wins face-off versus Steven Stamkos in Ducks zone.
Goals for this period are 1 for Ducks vs 1 for Canucks.
Shots for this period are 13 for Ducks vs 9 for Canucks.

3rd period


0:01 of 3rd period - John Tavares wins face-off versus Dylan Larkin in neutral zone.
0:06 of 3rd period - Morgan Rielly is hit by Josh Anderson and loses puck.
0:31 of 3rd period - Steven Stamkos is hit by Jonathan Toews and loses puck.
0:38 of 3rd period - Slapshot by Ryan McDonagh.
0:38 of 3rd period - Stopped by Anton Forsberg with a rebound.
0:40 of 3rd period - Slapshot by Ryan McDonagh.
0:40 of 3rd period - Stopped by Anton Forsberg with a rebound.
1:07 of 3rd period - Icing by Brian Dumoulin.
1:08 of 3rd period - Michael McLeod wins face-off versus John Tavares in Canucks zone.
1:13 of 3rd period - Snap shot by Michael McLeod.
1:13 of 3rd period - Stopped by Anton Forsberg with a rebound.
1:15 of 3rd period - Slapshot by Josh Manson.
1:15 of 3rd period - Deflect By Nick Ritchie.
1:15 of 3rd period - Shot Blocked by Brian Dumoulin.
1:15 of 3rd period - Puck is out of play.
1:16 of 3rd period - Johnny Gaudreau wins face-off versus John Tavares in Canucks zone.
1:22 of 3rd period - Minor Penalty to Ryan Johansen for Hooking.
1:23 of 3rd period - Timo Meier wins face-off versus John Tavares in Canucks zone.
1:23 of 3rd period - Slapshot by Johnny Gaudreau.
1:23 of 3rd period - Deflect By Timo Meier.
1:23 of 3rd period - Shot Misses the Net.
1:23 of 3rd period - Puck is out of play.
1:24 of 3rd period - John Tavares wins face-off versus Steven Stamkos in Canucks zone.
1:30 of 3rd period - Icing by Ryan McDonagh.
1:31 of 3rd period - Steven Stamkos wins face-off versus John Tavares in Ducks zone.
2:12 of 3rd period - John Tavares is hit by Dylan Larkin and loses puck.
2:23 of 3rd period - Thomas Chabot is hit by Pierre-Edouard Bellemare and loses puck.
3:22 of 3rd period - Penalty to Ryan Johansen is over, Ryan Johansen is back on ice.
3:46 of 3rd period - Snap shot by Pierre-Edouard Bellemare.
3:46 of 3rd period - Shot Misses the Net.
4:50 of 3rd period - Josh Anderson is hit by Dylan Larkin and loses puck.
5:01 of 3rd period - Slapshot by Thomas Chabot.
5:01 of 3rd period - Shot Misses the Net.
5:03 of 3rd period - Snap shot by Nick Ritchie.
5:03 of 3rd period - Shot Misses the Net.
5:05 of 3rd period - Slapshot by Michael McLeod.
5:05 of 3rd period - Shot Blocked by Eeli Tolvanen.
5:07 of 3rd period - Snap shot by Oliver Wahlstrom.
5:07 of 3rd period - Goal by Oliver Wahlstrom - Ducks : 2 - Canucks : 2.
5:08 of 3rd period - John Tavares wins face-off versus Dylan Larkin in neutral zone.
5:11 of 3rd period - Slapshot by Justin Schultz.
5:11 of 3rd period - Stopped by Carter Hart with a rebound.
5:13 of 3rd period - Slapshot by Ryan Johansen.
5:13 of 3rd period - Shot Misses the Net.
5:17 of 3rd period - Wrist shot by John Tavares.
5:17 of 3rd period - Stopped by Carter Hart with a rebound.
5:21 of 3rd period - Snap shot by John Tavares.
5:21 of 3rd period - Shot Hit the Post.
5:23 of 3rd period - Slapshot by Mikey Anderson.
5:23 of 3rd period - Shot Misses the Net.
5:25 of 3rd period - Slapshot by Ryan Johansen.
5:25 of 3rd period - Stopped by Carter Hart without a rebound.
5:26 of 3rd period - Steven Stamkos wins face-off versus Jonathan Toews in Ducks zone.
6:00 of 3rd period - Snap shot by Josh Anderson.
6:00 of 3rd period - Deflect By Ryan Johansen.
6:00 of 3rd period - Stopped by Carter Hart without a rebound.
6:01 of 3rd period - Dylan Larkin wins face-off versus John Tavares in Ducks zone.
6:39 of 3rd period - Snap shot by Steven Stamkos.
6:39 of 3rd period - Shot Misses the Net.
6:53 of 3rd period - Slapshot by Pierre-Edouard Bellemare.
6:53 of 3rd period - Shot Misses the Net.
6:55 of 3rd period - Wrist shot by Austin Watson.
6:55 of 3rd period - Stopped by Carter Hart with a rebound.
7:15 of 3rd period - Slapshot by Dylan Larkin.
7:15 of 3rd period - Deflect By Timo Meier.
7:15 of 3rd period - Shot Blocked by Oliver Ekman-Larsson.
7:15 of 3rd period - Puck is out of play.
7:16 of 3rd period - Dylan Larkin wins face-off versus John Tavares in Canucks zone.
7:23 of 3rd period - Wrist shot by John Tavares.
7:23 of 3rd period - Shot Blocked by Riley Stillman.
7:25 of 3rd period - Slapshot by Brian Dumoulin.
7:25 of 3rd period - Shot Blocked by Riley Stillman.
7:27 of 3rd period - Snap shot by Ryan Johansen.
7:27 of 3rd period - Shot Misses the Net.
8:31 of 3rd period - Timo Meier is hit by Vincent Desharnais and loses puck.
8:58 of 3rd period - Wrist shot by Josh Anderson.
8:58 of 3rd period - Shot Blocked by Thomas Chabot.
9:00 of 3rd period - Slapshot by John Tavares.
9:00 of 3rd period - Shot Misses the Net.
9:14 of 3rd period - Wrist shot by Trent Frederic.
9:14 of 3rd period - Stopped by Anton Forsberg with a rebound.
10:13 of 3rd period - Snap shot by Michael McLeod.
10:13 of 3rd period - Deflect By Oliver Wahlstrom.
10:13 of 3rd period - Stopped by Anton Forsberg with a rebound.
10:28 of 3rd period - Icing by Oskar Sundqvist.
10:29 of 3rd period - Pierre-Edouard Bellemare wins face-off versus Oskar Sundqvist in Ducks zone.
10:34 of 3rd period - Snap shot by Pierre-Edouard Bellemare.
10:34 of 3rd period - Stopped by Carter Hart without a rebound.
10:35 of 3rd period - Pierre-Edouard Bellemare wins face-off versus Steven Stamkos in Ducks zone.
10:38 of 3rd period - Snap shot by Austin Watson.
10:38 of 3rd period - Shot Misses the Net.
10:40 of 3rd period - Minor Penalty to Trent Frederic for Hooking.
10:41 of 3rd period - Morgan Geekie wins face-off versus John Tavares in Ducks zone.
10:51 of 3rd period - John Tavares is hit by Morgan Geekie and loses puck.
11:12 of 3rd period - Wrist shot by John Tavares.
11:12 of 3rd period - Goal by John Tavares - Ducks : 2 - Canucks : 3.
11:13 of 3rd period - Josh Anderson wins face-off versus Steven Stamkos in neutral zone.
11:22 of 3rd period - Mark Stone is hit by Ryan Johansen and loses puck.
11:27 of 3rd period - Snap shot by Ryan Johansen.
11:27 of 3rd period - Shot Blocked by Morgan Rielly.
11:29 of 3rd period - Slapshot by Ryan Johansen.
11:29 of 3rd period - Shot Misses the Net.
11:39 of 3rd period - Brian Dumoulin is hit by Morgan Rielly and loses puck.
12:06 of 3rd period - Wrist shot by Jonathan Toews.
12:06 of 3rd period - Shot Blocked by Adam Larsson.
12:08 of 3rd period - Slapshot by William Carrier.
12:08 of 3rd period - Shot Blocked by Oskar Sundqvist.
12:10 of 3rd period - Slapshot by Pierre-Edouard Bellemare.
12:10 of 3rd period - Goal by Pierre-Edouard Bellemare - Ducks : 2 - Canucks : 4.
12:11 of 3rd period - John Tavares wins face-off versus Steven Stamkos in neutral zone.
12:39 of 3rd period - Minor Penalty to Jonathan Toews for High sticking.
12:40 of 3rd period - Steven Stamkos wins face-off versus John Tavares in Canucks zone.
14:32 of 3rd period - Morgan Geekie is hit by Jonathan Drouin and loses puck.
14:39 of 3rd period - Penalty to Jonathan Toews is over, Jonathan Toews is back on ice.
15:38 of 3rd period - Justin Schultz is hit by Riley Stillman and loses puck.
15:59 of 3rd period - Wrist shot by Michael McLeod.
15:59 of 3rd period - Shot Blocked by Ryan Johansen.
16:07 of 3rd period - Minor Penalty to Oliver Wahlstrom for Holding.
16:08 of 3rd period - Morgan Geekie wins face-off versus Ryan Johansen in Ducks zone.
16:13 of 3rd period - Josh Anderson is hit by Morgan Geekie and loses puck.
16:22 of 3rd period - Wrist shot by Lawson Crouse.
16:22 of 3rd period - Shot Misses the Net.
18:07 of 3rd period - Penalty to Oliver Wahlstrom is over, Oliver Wahlstrom is back on ice.
18:11 of 3rd period - Slapshot by Adam Larsson.
18:11 of 3rd period - Deflect By Johnny Gaudreau.
18:11 of 3rd period - Stopped by Anton Forsberg without a rebound.
18:12 of 3rd period - Dylan Larkin wins face-off versus Pierre-Edouard Bellemare in Canucks zone.
18:23 of 3rd period - Snap shot by Timo Meier.
18:23 of 3rd period - Shot Misses the Net.
18:29 of 3rd period - Slapshot by Mikey Anderson.
18:29 of 3rd period - Stopped by Carter Hart with a rebound.
18:39 of 3rd period - Wrist shot by John Tavares.
18:39 of 3rd period - Shot Misses the Net.
18:41 of 3rd period - Wrist shot by John Tavares.
18:41 of 3rd period - Shot Blocked by Timo Meier.
18:43 of 3rd period - Snap shot by John Tavares.
18:43 of 3rd period - Shot Blocked by Dylan Larkin.
19:06 of 3rd period - Wrist shot by Lawson Crouse.
19:06 of 3rd period - Stopped by Anton Forsberg with a rebound.
Goals for this period are 1 for Ducks vs 2 for Canucks.
Shots for this period are 8 for Ducks vs 9 for Canucks.